 Dungeon Crawl Stone Soup version 0.23.1 (webtiles) character file.

Game seed: 6854454772109679141

84003 Kairos the Unseen (level 15, 0/118 HPs)
             Began as a Vine Stalker Assassin on Mar 17, 2019.
             Was a Follower of Uskayaw.
             Slain by a ghost moth (4 damage)
             ... on level 3 of the Spider Nest.
             The game lasted 01:06:13 (22683 turns).

Kairos the Unseen (Vine Stalker Assassin)          Turns: 22683, Time: 01:06:14

Health: 0/118      AC: 11    Str: 22      XL:     15   Next: 79%
Magic:  0/21       EV: 18    Int: 10      God:    Uskayaw [*.....]
Gold:   785        SH: 13    Dex: 30 (31) Spells: 4/14 levels left

rFire    + + .     SeeInvis .   M - +6 short sword "Dragon's Tongue" {flame, rPois}
rCold    x . .     Gourm    .   T - +3 buckler {rPois}
rNeg     + . .     Faith    .   E - +5 ring mail {rF+}
rPois    +         Spirit   +   Q - +2 hat
rElec    .         Reflect  +   N - +2 ratskin cloak {+Rats rPois rN+ Str-1 Int-1 Dex+1}
rCorr    .         Harm     .   O - +3 pair of gloves "Fivunaq" {Str+4}
MR       +....     Rnd*Rage +   z - +0 pair of boots
Stlth    ..........             B - +3 amulet of reflection
HPRegen  1.09/turn              a - ring "Jerphekh" {Fire Dex+8}
MPRegen  0.17/turn              r - +3 ring of protection

@: berserking, corroded, heavily drained, very quick
A: antennae 1, fangs 3, hooves 1, slimy green scales 1, berserk 1, blink,
regeneration 2, magic shield, antimagic bite, no potion heal 3, rot immunity,
subdued magic 1
a: Blink, Stomp, Renounce Religion, Evoke Ratskin


You were on level 3 of the Spider Nest.
You worshipped Uskayaw.
Uskayaw was noncommittal.
You were very hungry.

You visited 3 branches of the dungeon, and saw 20 of its levels.
You also visited: Sewer and Ice Cave.

You collected 1553 gold pieces.
You spent 768 gold pieces at shops.

Inventory:

Hand Weapons
 J - a +1 vampiric dagger
 M - the +6 short sword "Dragon's Tongue" (weapon) {flame, rPois}
   (You acquired it on level 5 of the Dungeon)

   It has been specially enchanted to burn those struck by it, causing extra
   injury to most foes and up to half again as much damage against particularly
   susceptible opponents.
   It protects you from poison.
 Z - the +11 scimitar of the Fool {drain, *Noise Str-2 SInv Stlth+}
   (You found it in an ice cave)

   A truly terrible weapon, it drains the life of those it strikes.
   It affects your strength (-2).
   It lets you see invisible.
   It may make noises in combat.
   It makes you more stealthy.
Missiles
 d - 3 javelins of penetration (quivered)
 G - 7 steel tomahawks
 I - 10 poisoned needles
 V - 2 throwing nets
Armour
 k - the +2 leather armour of the Secret Allies {SInv Stlth+}
   (You found it on level 1 of the Spider Nest)

   It lets you see invisible.
   It makes you more stealthy.
 z - a +0 pair of boots (worn)
 E - a +5 ring mail of fire resistance (worn)
 N - the +2 ratskin cloak (worn) {+Rats rPois rN+ Str-1 Int-1 Dex+1}
   (You found it on level 7 of the Dungeon)

   It affects your strength (-1).
   It affects your intelligence (-1).
   It affects your dexterity (+1).
   It protects you from poison.
   It protects you from negative energy.
 O - the +3 pair of gloves "Fivunaq" (worn) {Str+4}
   (You found it on level 7 of the Dungeon)

   It affects your strength (+4).
 Q - a +2 hat (worn)
 T - a +3 buckler of poison resistance (worn)
Jewellery
 a - the ring "Jerphekh" (left hand) {Fire Dex+8}
   (You found it on level 6 of the Lair of Beasts)

   [ring of fire]

   It enhances your fire magic.
   It affects your dexterity (+8).
   It protects you from fire.
   It makes you vulnerable to cold.
 n - an uncursed amulet of harm
 r - a +3 ring of protection (right hand)
 B - a +3 amulet of reflection (around neck)
 C - an uncursed ring of stealth
 L - an uncursed ring of protection from cold
 S - an uncursed ring of protection from fire
Wands
 f - a wand of acid (18)
 l - a wand of digging (3)
 H - a wand of iceblast (23)
 W - a wand of paralysis (8)
Scrolls
 c - 4 scrolls of immolation
 e - a scroll of vulnerability {unknown}
 j - 15 scrolls of remove curse
 p - 6 scrolls of amnesia
 t - 8 scrolls of teleportation
 u - a scroll of fog {unknown}
 x - a scroll of identify
 y - a scroll of random uselessness {unknown}
 D - a scroll of holy word {unknown}
 K - a scroll of fear
 P - 2 scrolls of enchant weapon
 U - 2 scrolls of brand weapon {unknown}
 Y - a scroll of summoning
Potions
 b - 2 potions of berserk rage
 h - 7 potions of brilliance
 i - 10 potions of curing
 m - 3 potions of ambrosia
 o - 2 potions of degeneration
 q - 4 potions of might
 s - 4 potions of magic
 v - 3 potions of lignification
 w - 2 potions of invisibility
 A - a potion of flight
 F - 2 potions of agility {unknown}
 R - 3 potions of resistance {unknown}
 X - a potion of haste {unknown}
Comestibles
 g - 26 rations


   Skills:
 + Level 9.1(7.7) Fighting
 + Level 11.8(10.5) Short Blades
 + Level 3.7(7.2) Long Blades
 + Level 2.2(1.1) Throwing
 + Level 8.1(6.8) Armour
 + Level 8.7(7.3) Dodging
 + Level 18.6(16.9) Stealth
 - Level 4.0(2.8) Shields
 * Level 6.9(5.6) Invocations
 + Level 3.8(2.6) Evocations


You had 4 spell levels left.
You knew the following spells:

 Your Spells              Type           Power        Failure   Level  Hunger
a - Blink                 Tloc           N/A          67%         2    ###....
b - Statue Form           Tmut/Erth      #........    100%        6    #######
c - Apportation           Tloc           #.....       52%         1    ##.....
d - Confusing Touch       Hex            #.....       52%         1    ##.....

Your spell library contained the following spells:

 Spells                   Type           Power        Failure   Level  Hunger
 Animate Skeleton         Necr           N/A          52%         1    ##.....
 Magic Dart               Conj           #...         52%         1    ##.....
 Summon Small Mammal      Summ           #...         52%         1    ##.....
 Call Imp                 Summ           #.......     67%         2    ###....
 Corpse Rot               Necr           N/A          67%         2    ###....
 Slow                     Hex            #.......     67%         2    ###....
 Sublimation of Blood     Necr           #.........   67%         2    ###....
 Conjure Flame            Conj/Fire      #.......     88%         3    ####...
 Mephitic Cloud           Conj/Pois/Air  #.......     88%         3    ####...
 Agony                    Necr           #.......     100%        5    ######.
 Bolt of Draining         Conj/Necr      #.........   100%        5    ######.
 Dispel Undead            Necr           #.......     100%        5    ######.
 Excruciating Wounds      Chrm/Necr      #.........   100%        5    ######.
 Irradiate                Conj/Tmut      #.........   100%        5    ######.
 Hydra Form               Tmut           #.........   100%        6    #######
 Dragon Form              Tmut           #.........   100%        7    #######


Dungeon Overview and Level Annotations

Branches:
Dungeon (10/15)            Temple (0/1) D:7            Lair (6/6) D:8
 Shoals (0/4) Lair:4       Spider (4/4) Lair:3        Slime (0/5) Lair:6
    Orc: D:9-12

Altars:
Ashenzari
Cheibriados
Dithmenos
Elyvilon
Fedhas
Uskayaw
Wu Jian
The Shining One
Jiyva

Shops:
D:5 *   D:10 *

Annotations:
Lair:2 exclusion: oklob plant
Lair:3 exclusion: oklob plant


Innate Abilities, Weirdness & Mutations

You have razor-sharp teeth.
You heal very quickly.
When hurt, damage is shared between your health and your magic reserves.
Your bite disrupts and absorbs the magic of your enemies.
Potions cannot restore your health.
You are immune to rotting.
You have a pair of small antennae on your head.
You have large cloven feet.
You are partially covered in slimy green scales. (AC +2)
You tend to lose your temper in combat.
You can translocate small distances at will.
Your spells are a little easier to cast, but a little less powerful.


Message History

You feel you are being watched by something.
You feel your power leaking away. You block something's attack.
Something hits you. Something stings you.
You hit something but do no damage. You bite something.
You hit something but do no damage. You bite something. Something hits you!
* * * LOW HITPOINT WARNING * * *
Something hits you but does no damage. Something stings you!
* * * LOW HITPOINT WARNING * * *
Unknown command.
Okay, then.
Wield which item (- for none, * to show all)? (? for menu, Esc to quit)
Okay, then.
A red film seems to cover your vision as you go berserk!
You feel yourself moving faster!
You feel mighty!
You feel you are being watched by something.
Something barely misses you. Something closely misses you.
Something stings you but does no damage.
You hit something. You burn something. Your bite misses something.
Something hits you.
You die...

#.#### ###....# ##.....<####
#..!.....#.#### ###...........##
##.^...(......# ###
#....#.......## ##.###
#..{.###.....### #....#####
##@...####.^...## ##......^##
##..####.......## ##......^# ####
#^.......(# ####.....####
#........### ##........#..##
###..^...###.#
#......####...###.#......#....
#.....##.##..^.#............†.
####^....#..##.................>#
##.........####...............#.#


There were no monsters in sight!

Vanquished Creatures
  Arachne (Spider:3)
  Rupert (Lair:6)
  The ghost of Curus the Warrior, a journeyman HOBe of Trog (Lair:6)
  2 entropy weavers
  A spark wasp (Spider:3)
  Snorg (D:10)
  3 hydras
  A merfolk avatar (Lair:6)
  A catoblepas (Lair:6)
  6 death yaks (Lair:5)
  Nergalle (Lair:1)
  A sea snake (Lair:6)
  A harpy (Lair:6)
  A necromancer (IceCv)
  Pikel (D:5)
  10 orb spiders
  26 wolf spiders
  3 merfolk sirens (Lair:4)
  10 elephants
  Joseph (D:7)
  4 black mambas
  A centaur zombie (D:10)
  Psyche (D:8)
  3 ice statues (IceCv)
  Maurice (D:8)
  9 spiny frogs
  9 komodo dragons
  2 torpor snails
  2 rime drakes
  11 demonic crawlers
  A wind drake (Lair:6)
  A troll (D:9)
  A queen bee (Lair:6)
  5 ice devils (IceCv)
  5 polar bears
  29 jumping spiders
  3 meliai (Spider:1)
  A merfolk (Lair:4)
  5 hornets
  Prince Ribbit (D:8)
  7 blink frogs
  4 hippogriffs
  6 dream sheep (Lair:6)
  Sigmund (D:4)
  41 redbacks
  8 yaks (Lair:6)
  17 tarantellas
  A wyvern (Lair:6)
  Eustachio (D:5)
  3 basilisks
  2 wargs (D:8)
  3 porcupines
  12 water moccasins
  Duvessa (D:5)
  3 orc warriors
  2 ice beasts
  2 phantoms
  A slave (D:5)
  2 necrophages
  7 ogres
  5 wolves
  5 centaurs
  12 crocodiles
  A big kobold (D:7)
  Blork the orc (D:5)
  13 bullfrogs
  3 scorpions
  Dowan (D:5)
  5 killer bees (Lair:6)
  3 electric eels
  5 wights (D:7)
  4 howler monkeys (D:10)
  5 crimson imps
  2 draconian simulacra (IceCv)
  A quasit (D:9)
  3 jellies
  4 bullfrog zombies
  6 hounds
  3 bullfrog skeletons
  7 orc priests
  10 orc wizards
  8 iguanas
  Terence (D:2)
  8 worker ants
  A hell rat (D:7)
  A spriggan simulacrum (IceCv)
  4 troll simulacra (IceCv)
  2 centaur simulacra (IceCv)
  2 hound skeletons
  5 worker ant zombies
  10 gnolls
  A naga simulacrum (IceCv)
  14 adders
  8 river rats
  A shadow imp (D:6)
  2 adder skeletons
  3 worms
  9 leopard geckos
  46 orcs
  7 ball pythons
  12 giant cockroaches
  6 goblins
  5 hobgoblins
  17 jackals
  6 quokkas
  4 bats
  5 frilled lizards
  20 kobolds
  18 rats
  4 plants (Sewer)
621 creatures vanquished.

Vanquished Creatures (collateral kills)
  A gargoyle (D:10)
  An ice devil (IceCv)
  A wyvern zombie (D:10)
3 creatures vanquished.

Vanquished Creatures (others)
  A slave (D:5)
  A crimson imp (D:5)
  A gnoll (D:7)
  2 orcs (D:5)
  15 fungi
  13 plants
33 creatures vanquished.

Grand Total: 657 creatures vanquished

Notes
Turn   | Place    | Note
-------+----------+-------------------------------------------
     0 | D:1      | Kairos the Vine Stalker Assassin began the quest for the
                  | Orb.
     0 | D:1      | Reached XP level 1. HP: 11/11 MP: 2/2
    33 | D:1      | Reached skill level 5 in Stealth
    68 | D:1      | Reached XP level 2. HP: 13/15 MP: 3/3
   537 | D:2      | Reached XP level 3. HP: 18/18 MP: 4/4
   664 | D:2      | Gained mutation: Your natural rate of healing is unusually
                  | fast. [Vine Stalker growth]
   664 | D:2      | Reached XP level 4. HP: 23/23 MP: 5/5
   854 | D:2      | Noticed Terence
   856 | D:2      | Killed Terence
   856 | D:2      | Reached skill level 6 in Stealth
   901 | D:2      | Reached skill level 1 in Dodging
   985 | D:2      | Found a snail-covered altar of Cheibriados.
  1026 | D:2      | Reached XP level 5. HP: 26/27 MP: 6/6
  1365 | D:3      | Reached skill level 1 in Armour
  1382 | D:3      | Found a white marble altar of Elyvilon.
  2159 | D:4      | Reached XP level 6. HP: 14/32 MP: 7/7
  2345 | D:4      | Found a glowing drain.
  2459 | Sewer    | Entered a sewer
  3641 | D:4      | Noticed Sigmund
  3646 | D:4      | Killed Sigmund
  3646 | D:4      | Reached skill level 7 in Stealth
  3646 | D:4      | Reached XP level 7. HP: 35/35 MP: 8/8
  4052 | D:4      | Gained mutation: You have razor-sharp teeth. [Vine Stalker
                  | growth]
  4052 | D:4      | Reached XP level 8. HP: 21/40 MP: 5/9
  4152 | D:4      | Reached skill level 5 in Short Blades
  4318 | D:4      | Reached skill level 8 in Stealth
  4464 | D:5      | Entered Level 5 of the Dungeon
  4612 | D:5      | You fall through a shaft for 2 floors!
  4613 | D:7      | Noticed Joseph
  4633 | D:7      | Found a staircase to the Ecumenical Temple.
  4818 | D:5      | Noticed Pikel
  4864 | D:5      | Killed Pikel
  4864 | D:5      | Reached XP level 9. HP: 37/45 MP: 10/10
  4925 | D:5      | Noticed Dowan
  4930 | D:5      | Noticed Duvessa
  4942 | D:5      | Killed Dowan
  4950 | D:5      | Found a shadowy altar of Dithmenos.
  5008 | D:5      | Killed Duvessa
  5113 | D:5      | Noticed Blork the orc
  5114 | D:5      | Found a shadowy altar of Dithmenos.
  5214 | D:5      | Killed Blork the orc
  5317 | D:5      | Found Ewod's General Store.
  5393 | D:5      | Found a glowing golden altar of the Shining One.
  5401 | D:5      | Noticed Eustachio
  5421 | D:5      | Killed Eustachio
  5456 | D:5      | Found a snail-covered altar of Cheibriados.
  5459 | D:5      | Found a hide-covered altar of Uskayaw.
  5461 | D:5      | Found a blossoming altar of Fedhas.
  5466 | D:5      | Became a worshipper of Uskayaw the Reveler
  5668 | D:6      | Learned a level 2 spell: Blink
  5689 | D:6      | Reached * piety under Uskayaw
  5700 | D:6      | Reached ** piety under Uskayaw
  6150 | D:6      | Found a shattered altar of Ashenzari.
  6674 | D:7      | Reached *** piety under Uskayaw
  6677 | D:7      | Reached **** piety under Uskayaw
  6746 | D:7      | Reached skill level 9 in Stealth
  6840 | D:7      | Got a pair of encrusted gloves
  6846 | D:7      | Identified the +3 pair of gloves "Fivunaq" {Str+4} (You
                  | found it on level 7 of the Dungeon)
  6943 | D:7      | Reached ***** piety under Uskayaw
  6954 | D:7      | Reached XP level 10. HP: 40/51 MP: 11/11
  7010 | D:7      | Killed Joseph
  7010 | D:7      | Reached skill level 5 in Armour
  7074 | D:7      | Reached skill level 10 in Stealth
  7195 | D:7      | Found the +2 ratskin cloak {+Rats rPois rN+ Str-1 Int-1
                  | Dex+1}
  7352 | D:7      | Reached skill level 5 in Fighting
  7754 | D:8      | Noticed Prince Ribbit
  7767 | D:8      | Killed Prince Ribbit
  7804 | D:8      | Reached ****** piety under Uskayaw
  7835 | D:8      | Noticed Psyche
  7859 | D:8      | Killed Psyche
  7976 | D:8      | Reached skill level 11 in Stealth
  8092 | D:8      | Found a staircase to the Lair.
  8185 | D:8      | Reached skill level 5 in Dodging
  8206 | D:8      | Noticed Maurice
  8244 | D:8      | Killed Maurice
  8406 | D:8      | Found an ornate altar of the Wu Jian Council.
  8960 | D:9      | Reached XP level 11. HP: 56/56 MP: 12/12
  9269 | D:9      | Reached skill level 12 in Stealth
  9303 | D:10     | Entered Level 10 of the Dungeon
  9328 | D:10     | Reached skill level 1 in Evocations
  9447 | D:10     | Found Unocuo Pepn's General Store.
  9563 | D:10     | Noticed Snorg
  9676 | D:10     | Killed Snorg
 10402 | D:5      | Bought a potion of mutation for 96 gold pieces
 10404 | D:5      | Gained mutation: You are partially covered in slimy green
                  | scales. (AC +2) [potion of mutation]
 10404 | D:5      | Gained mutation: You have large cloven feet. [potion of
                  | mutation]
 10404 | D:5      | Gained mutation: You have a pair of small antennae on your
                  | head. [potion of mutation]
 10588 | Lair:1   | Entered Level 1 of the Lair of Beasts
 10925 | Lair:1   | Reached skill level 1 in Shields
 11220 | Lair:1   | Reached skill level 13 in Stealth
 11246 | Lair:1   | Learned a level 6 spell: Statue Form
 11686 | Lair:2   | Noticed an oklob plant
 11942 | Lair:2   | Noticed Nergalle
 11947 | Lair:2   | Noticed an eight-headed hydra
 12000 | Lair:1   | Noticed a spectral orc warlord
 12018 | Lair:1   | Killed Nergalle
 12200 | Lair:2   | Gained mutation: You heal very quickly. [Vine Stalker
                  | growth]
 12200 | Lair:2   | Reached XP level 12. HP: 61/61 MP: 14/14
 12546 | Lair:3   | Noticed a six-headed hydra
 12573 | Lair:3   | Found a frozen archway.
 12592 | Lair:3   | Learned a level 1 spell: Apportation
 12594 | Lair:3   | Learned a level 1 spell: Confusing Touch
 12601 | IceCv    | Entered an ice cave
 13079 | IceCv    | HP: 1/61 [something] (22)]
 14186 | IceCv    | Got a dazzling scimitar
 14200 | IceCv    | Identified the +11 scimitar of the Fool {drain, *Noise
                  | Str-2 SInv Stlth+} (You found it in an ice cave)
 14493 | Lair:3   | Found a hole to the Spider Nest.
 14517 | Lair:3   | Reached skill level 14 in Stealth
 14526 | Lair:3   | Reached skill level 1 in Long Blades
 14722 | Lair:3   | Killed a six-headed hydra
 15054 | Lair:4   | Found a staircase to the Shoals.
 15169 | Lair:4   | Noticed an eight-headed hydra
 15176 | Lair:4   | Killed an eight-headed hydra
 15328 | Lair:4   | Reached XP level 13. HP: 46/66 MP: 16/16
 15442 | Lair:4   | Reached skill level 15 in Stealth
 15753 | Lair:4   | You fall through a shaft for 2 floors!
 15753 | Lair:6   | Entered Level 6 of the Lair of Beasts
 15994 | Lair:6   | Paralysed by a hornet for 3 turns
 16677 | D:5      | Bought a scroll of acquirement for 624 gold pieces
 16677 | D:5      | Bought a scroll of identify for 24 gold pieces
 16677 | D:5      | Bought a scroll of identify for 24 gold pieces
 16683 | D:5      | Got a brightly glowing short sword
 16684 | D:5      | Identified the +6 short sword "Dragon's Tongue" {flame,
                  | rPois} (You acquired it on level 5 of the Dungeon)
 17395 | Lair:5   | Found a snail-covered altar of Cheibriados.
 17683 | Lair:6   | Reached skill level 16 in Stealth
 17804 | Lair:6   | Found a viscous altar of Jiyva.
 17835 | Lair:6   | Noticed Rupert
 17835 | Lair:6   | Paralysed by Rupert for 5 turns
 17918 | Lair:6   | Reached skill level 10 in Short Blades
 18004 | Lair:6   | Killed Rupert
 18004 | Lair:6   | Reached skill level 1 in Invocations
 18129 | Lair:6   | Reached XP level 14. HP: 72/72 MP: 17/17
 18216 | Lair:6   | Found the +6 lightning scales {run, rElec}
 18497 | Lair:6   | Found a transporter.
 18497 | Lair:6   | Found a transporter.
 18498 | Lair:6   | Noticed Curus's ghost (journeyman HOBe)
 18666 | Lair:6   | Found a staircase to the Slime Pits.
 18990 | Lair:6   | Got a coiled glass ring
 19000 | Lair:6   | Killed Curus's ghost
 19055 | Lair:6   | Identified the ring "Jerphekh" {Fire Dex+8} (You found it
                  | on level 6 of the Lair of Beasts)
 19169 | Spider:1 | Entered Level 1 of the Spider Nest
 19328 | Lair:3   | Lost mutation: You have large cloven feet. [potion of
                  | mutation]
 19328 | Lair:3   | Gained mutation: You have large cloven feet. [potion of
                  | mutation]
 19328 | Lair:3   | Gained mutation: You tend to lose your temper in combat.
                  | [potion of mutation]
 19328 | Lair:3   | Gained mutation: You have a pair of antennae on your head.
                  | [potion of mutation]
 19329 | Lair:3   | Lost mutation: You have a pair of antennae on your head.
                  | [potion of mutation]
 19329 | Lair:3   | Gained mutation: Your spells are a little easier to cast,
                  | but a little less powerful. [potion of mutation]
 19329 | Lair:3   | Gained mutation: You can translocate small distances at
                  | will. [potion of mutation]
 19469 | Spider:1 | Reached skill level 17 in Stealth
 19491 | Spider:1 | Got a shimmering leather armour
 19502 | Spider:1 | Identified the +2 leather armour of the Secret Allies {SInv
                  | Stlth+} (You found it on level 1 of the Spider Nest)
 19887 | Spider:1 | Got a slimy buckler
 19898 | Spider:1 | Identified the cursed +0 buckler "Meink" {rPois} (You found
                  | it on level 1 of the Spider Nest)
 20015 | Spider:1 | Noticed an entropy weaver
 20091 | Spider:1 | Killed an entropy weaver
 20495 | Spider:2 | Reached skill level 5 in Invocations
 20669 | Spider:2 | Reached XP level 15. HP: 54/78 MP: 19/19
 21117 | Spider:2 | Reached skill level 18 in Stealth
 21429 | Spider:3 | Noticed Arachne
 21589 | Spider:3 | Killed Arachne
 22069 | Spider:4 | Entered Level 4 of the Spider Nest
 22307 | Spider:4 | Noticed an emperor scorpion
 22308 | Spider:4 | Noticed an emperor scorpion
 22320 | Spider:4 | HP: 1/79 [spark wasp (11)]
 22681 | Spider:3 | HP: 1/79 [something (10)]
 22683 | Spider:3 | Slain by a ghost moth

Skill      XL: |  1  2  3  4  5  6  7  8  9 10 11 12 13 14 15 |
---------------+----------------------------------------------+-----
Stealth        | 5 6 7 8 9 11 13 14 16 17 18 | 18.6
Fighting       | 2 3 4 5 6 7 8 9 |  9.1
Short Blades   | 2 3 4 6 7 8 9 10 11 | 11.8
Dodging        | 1 2 3 4 5 6 7 8 |  8.7
Armour         | 1 2 4 5 6 7 8 |  8.1
Evocations     | 2 3 |  3.8
Shields        | 2 4 |  4.0
Long Blades    | 3 |  3.7
Throwing       | 2 |  2.2
Invocations    | 2 5 6 |  6.9

Action                   |  1- 3 |  4- 6 |  7- 9 | 10-12 | 13-15 || total
-------------------------+-------+-------+-------+-------+-------++-------
Melee: Dagger            |    64 |   529 |   604 |  1265 |   230 ||  2692
       Bite              |    12 |   222 |   209 |   610 |   560 ||  1613
       Scimitar          |       |       |       |    22 |       ||    22
       Short sword       |       |       |       |       |   856 ||   856
Throw: Javelin           |       |       |       |       |     3 ||     3
       Throwing net      |       |       |       |       |     2 ||     2
Invok: Stomp             |       |       |       |     1 |       ||     1
 Abil: Evoke Ratskin     |       |       |       |    19 |       ||    19
Evoke: Wand              |       |       |       |     1 |     1 ||     2
  Use: Scroll            |     3 |     5 |       |     4 |    25 ||    37
       Potion            |       |       |       |     1 |     9 ||    10
 Stab: Sleeping          |     8 |    11 |    15 |    52 |    28 ||   114
       Distracted        |       |       |     3 |     3 |     6 ||    12
       Paralysed         |       |       |     8 |    30 |    61 ||    99
       Invisible         |       |       |       |       |     2 ||     2
  Eat: Chunk             |       |    10 |     9 |    13 |     8 ||    40
       Ration            |       |       |     2 |     7 |     6 ||    15
Armor: Robe              |     2 |       |       |       |       ||     2
       Ring mail         |    19 |    39 |   129 |   310 |   307 ||   804
       Leather armour    |       |    35 |    25 |       |       ||    60
       Skin              |       |       |       |       |     6 ||     6
Dodge: Dodged            |    36 |   148 |   284 |   432 |   526 ||  1426
Block: Other             |       |       |    47 |    41 |       ||    88
       Reflection        |       |       |     3 |     1 |       ||     4
       Buckler           |       |       |       |   225 |   525 ||   750
       Rpst.: Scimitar   |       |       |       |     5 |       ||     5
